 Dungeon Crawl Stone Soup version 0.19-a0-965-g50bf062 (webtiles) character file.

59 4thArraOfDagon the Skirmisher (level 3, 1/33 HPs)
             Began as a Minotaur Abyssal Knight on July 12, 2016.
             Was a Follower of Lugonu.
             Quit the game on level 3 of the Dungeon.
             The game lasted 00:02:51 (610 turns).

4thArraOfDagon the Skirmisher (MiAK)                 Turns: 610, Time: 00:02:51

Health: 1/33       AC:  3    Str: 16    XL:     3   Next: 78%
Magic:  3/3        EV: 11    Int: 10    God:    Lugonu [*.....]
Gold:   64         SH:  0    Dex:  9    Spells: 0 memorised, 2 levels left

rFire  . . .     SeeInvis .     a - +1 hand axe
rCold  . . .     Gourm    .     b - +0 leather armour
rNeg   . . .     Faith    .     (no shield)
rPois  .         Spirit   .     (helmet restricted)
rElec  .         Dismiss  .     (no cloak)
rCorr  .         Reflect  .     (no gloves)
SustAt .         Harm     .     (no boots)
MR     .....                    (no amulet)
Stlth  +.........               (no ring)
                                (no ring)

@: not resistant to hostile enchantments, very unstealthy
A: retaliatory headbutt, horns 2
a: Depart the Abyss, Renounce Religion


You were on level 3 of the Dungeon.
You worshipped Lugonu.
Lugonu was aware of your devotion.
You were not hungry.

You visited 1 branch of the dungeon, and saw 4 of its levels.
You visited the Abyss 1 time.
You also visited: Sewer.

You collected 64 gold pieces.

Inventory:

Hand Weapons
 a - a +1 hand axe (weapon)
Armour
 b - a +0 leather armour (worn)
Scrolls
 h - 2 scrolls of random uselessness
Comestibles
 c - a bread ration


   Skills:
 + Level 4.1 Fighting
 * Level 3.8 Axes
 + Level 2.9 Armour
 - Level 1.1 Dodging
 + Level 2.3 Invocations


You had 2 spell levels left.
You didn't know any spells.

Dungeon Overview and Level Annotations

Branches:
Dungeon (4/15)
 Temple: D:4-7

Altars:
Nemelex Xobeh

Annotations:
D:1 1 exclusion
D:3 Purgy


Innate Abilities, Weirdness & Mutations

You reflexively headbutt those who attack you in melee.
You have a pair of horns on your head.


Message History

The bat barely misses you.
Unknown command.
The bat barely misses you. Purgy bites you. Purgy misses you.
Purgy closely misses you.
Unknown command.
An orc comes into view. It is wielding a mace.
The orc shouts!
The bat hits you but does no damage.
Unknown command.
The bat closely misses you.
Unknown command.
Okay, then.
The bat closely misses you. Purgy bites you!
* * * LOW HITPOINT WARNING * * *
Purgy claws you.
* * * LOW HITPOINT WARNING * * *
Purgy claws you but does no damage.
Unknown command.
Unknown command.
Are you sure you want to abandon this character and quit the game? (Confirm with "yes".)

#####....##
..........#
..[.......#
..........#
..........#
#....K>.#
#.......#
#...S..b#
#....@T.######
###.......o....
#############


You could see Purgy, an adder, an orc, a bat and a kobold.

Vanquished Creatures
  2 adders (D:4)
  2 river rats (D:4)
  2 giant geckos
  An orc (D:4)
  2 giant cockroaches
  2 goblins (D:1)
  A hobgoblin (D:2)
  7 bats
  A kobold (D:1)
  2 rats
22 creatures vanquished.

Notes
Turn   | Place    | Note
-------+----------+-------------------------------------------
     0 | Abyss:1  | 4thArraOfDagon the Minotaur Abyssal Knight began the quest for the Orb.
     0 | Abyss:1  | Reached XP level 1. HP: 19/19 MP: 1/1
    33 | Abyss:1  | Noticed a small abomination
    38 | Abyss:1  | Noticed a profane servitor
    44 | D:1      | Escaped the Abyss
   308 | D:2      | Reached * piety under Lugonu
   308 | D:2      | Reached XP level 2. HP: 27/27 MP: 2/2
   366 | D:2      | Found a sparkling altar of Nemelex Xobeh.
   371 | D:2      | You fall through a shaft for 2 floors!
   399 | D:4      | Found a glowing drain.
   431 | D:4      | Reached XP level 3. HP: 30/33 MP: 3/3
   436 | D:4      | Reached skill level 4 in Fighting
   452 | Sewer    | Entered a sewer
   468 | Sewer    | Noticed happinesssam's ghost (amateur HESk)
   495 | Sewer    | Noticed Purgy
   609 | D:3      | HP: 1/33 [Purgy (4)]
   610 | D:3      | Quit the game

Vault maps used:
D:1:      lightli_arrival_quake, minmay_tree_intersection, amethyst_killhole
D:2:      nemelex_spade_bored_becter
D:4:      first_bread, portal_sewer_entry_c, uniq_sigmund, uniq_blork_the_orc,
          uniq_duvessa
Sewer:    sewer_big_baddie

Skill      XL: |  1  2  3 |
---------------+----------+-----
Axes           | 3 |  3.8
Invocations    | 2 |  2.3
Fighting       | 4 |  4.1
Armour         | |  2.9
Dodging        | |  1.1

Action                   || total
-------------------------++-------
Melee: Hand axe          ||    56
       Headbutt          ||     6
Invok: Depart the Abyss  ||     1
  Use: Potion            ||     5
       Scroll            ||     6
Armor: Leather armour    ||    33
Dodge: Dodged            ||    52
